 Dungeon Sprint DCSS version 0.24-a0-580-g6a6c3f83c1 (webtiles) character file.

Game seed: 5689388411609364930

2055 MordorOrchid the Cleaver (level 9, -1/97 HPs)
             Began as a Troll Earth Elementalist on Aug 21, 2019.
             Was the Champion of Cheibriados.
             Slain by an air elemental (7 damage)
             ... in the Dungeon (Sprint V: "Ziggurat Sprint").
             The game lasted 00:05:33 (164 turns).

MordorOrchid the Cleaver (Troll Earth Elementalist)  Turns: 164, Time: 00:05:34

Health: -1/97      AC:  6    Str: 50    XL:     9   Next: 5%
Magic:  12/12      EV: 10    Int: 29    God:    Cheibriados [******]
Gold:   0          SH: 32    Dex: 25    Spells: 9/10 levels left

rFire    . . .     SeeInvis +   B - +14 obsidian axe {chop, +Fly SInv *Curse} (curse)
rCold    . . .     Gourm    +   C - +18 shield of the Gong {rElec rN+ MR+ EV-5}
rNeg     + . .     Faith    .   c - +0 robe
rPois    .         Spirit   .   (helmet restricted)
rElec    +         Reflect  .   (no cloak)
rCorr    .         Harm     .   (gloves unavailable)
MR       +....     NoTele   +   (boots unavailable)
Stlth    ++........             (no amulet)
HPRegen  0.66/turn              y - +6 ring of strength
MPRegen  0.13/turn              z - +6 ring of strength

@: mighty, flying (expiring), mesmerised, very slightly contaminated, very slow
A: large, unfitting armour, claws 3, fast metabolism 3, gourmand, regeneration
1, shaggy fur 1, tough skin 3
a: Bend Time, Temporal Distortion, Slouch, Step From Time, Renounce Religion


You were in the Dungeon.
You worshipped Cheibriados.
Cheibriados was exalted by your worship.
You were not hungry.

You visited 1 branch

Inventory:

Hand Weapons
 B - the cursed +14 obsidian axe (weapon) {chop, +Fly SInv *Curse}
   (You found it in the Dungeon)

   It inflicts extra damage upon your enemies.
   It lets you see invisible.
   It lets you fly.
   It curses itself when equipped.
   It has a curse placed upon it.
Missiles
 b - 30 stones (quivered)
 J - 1018 arrows
Armour
 c - a +0 robe (worn)
 C - the +18 shield of the Gong (worn) {rElec rN+ MR+ EV-5}
   (You found it in the Dungeon)

   It affects your evasion (-5).
   It insulates you from electricity.
   It protects you from negative energy.
   It affects your resistance to hostile enchantments.
 K - +5 fire dragon scales
 L - +5 gold dragon scales
Magical Staves
 s - an uncursed staff of energy
Jewellery
 t - an uncursed ring of flight
 u - a +6 ring of dexterity
 v - a +6 ring of dexterity
 w - a +6 ring of intelligence
 x - a +6 ring of intelligence
 y - a +6 ring of strength (left claw)
 z - a +6 ring of strength (right claw)
Wands
 p - a wand of disintegration (7)
 q - a wand of iceblast (7)
 r - a wand of acid (7)
Scrolls
 j - 4 scrolls of blinking
 D - 4 scrolls of amnesia
 E - 7 scrolls of fog
 F - a scroll of holy word
 G - 5 scrolls of identify
 H - 5 scrolls of remove curse
 I - 2 scrolls of fear
Potions
 a - 2 potions of brilliance
 e - 10 potions of curing
 f - 9 potions of heal wounds
 g - 6 potions of haste
 h - 7 potions of magic
 i - 3 potions of berserk rage
 l - 4 potions of resistance
 n - 3 potions of agility
 o - 3 potions of might
Miscellaneous
 k - a sack of spiders
 A - a lightning rod (4/4)
 M - a lamp of fire
 N - a phial of floods
Comestibles
 d - 8 rations
 m - 2 chunks of flesh


   Skills:
 - Level 8.4 Fighting
 + Level 9.2 Axes
 * Level 2.5 Armour
 - Level 7.2 Dodging
 - Level 1.0 Stealth
 * Level 5.0 Shields
 - Level 1.2 Spellcasting
   Level 0.6 Transmutations
 - Level 2.6 Earth Magic
 * Level 2.8 Invocations
 - Level 6.3 Evocations


You had 9 spell levels left.
You knew the following spells:

 Your Spells              Type           Power        Failure   Level  Hunger
a - Sandblast             Erth           ###...       7%          1    #......

Your spell library contained the following spells:

 Spells                   Type           Power        Failure   Level  Hunger
 Passwall                 Tmut/Erth      ##......     16%         2    ###....
 Shock                    Conj/Air       #...         22%         1    #......
 Swiftness                Chrm/Air       #.......     32%         2    ###....
 Stone Arrow              Conj/Erth      #.....       36%         3    ###....
 Ignite Poison            Fire/Tmut/Pois #.......     50%         3    ###....
 Ozocubu's Armour         Chrm/Ice       #.......     54%         3    ###....
 Static Discharge         Conj/Air       #.......     54%         3    ###....
 Petrify                  Tmut/Erth      ##......     71%         4    #####..
 Lee's Rapid Deconstruct  Erth           ###.......   88%         5    ######.
 Airstrike                Air            #.........   91%         4    #####..
 Bolt of Magma            Conj/Fire/Erth #.........   99%         5    ######.
 Lightning Bolt           Conj/Air       #.........   99%         5    ######.
 Ignition                 Fire           #.........   100%        8    #######


Dungeon Overview and Level Annotations

Branches:
Dungeon (1/1)

Altars:
Ashenzari
Cheibriados
Dithmenos
Elyvilon
Fedhas
Gozag
Hepliaklqana
Kikubaaqudgha
Makhleb
Nemelex Xobeh
Okawaru
Qazlal
Ru
Sif Muna
Trog
Uskayaw
Vehumet
Wu Jian
Xom
Yredelemnul
Zin
The Shining One
Beogh
Jiyva
Lugonu

Annotations:
D 1 transporter


Innate Abilities, Weirdness & Mutations

You are too large for most types of armour.
You have claws for hands.
Your metabolism is lightning-fast.
You like to eat raw meat.
Your natural rate of healing is unusually fast.
You are covered in fur. (AC +1)
You have extremely tough skin. (AC +3)


Message History

You destroy the insubstantial wisp!
Cheibriados appreciates the change of pace.
Cheibriados raises the support of your attributes as your movement slows.
You slice the air elemental!! You open a gate to Pandemonium!
A demon appears!
You destroy the air elemental!
Cheibriados thoroughly appreciates the change of pace.
Cheibriados raises the support of your attributes as your movement slows.
Your Shields skill increases to level 5!
You have reached level 9!
Your experience leads to an increase in your attributes!
Your base attributes are Str 17, Int 13, Dex 10.
Increase (S)trength, (I)ntelligence, or (D)exterity?
You feel clever.
You feel stronger.
Visions of slaying the air elemental flood into your mind.
You are engulfed in raging winds.
You block the air elemental's attack.
GONNNNG!
The air elemental hits you!
* * * LOW HITPOINT WARNING * * *
The air elemental hits you!
You die...

▓...©....▓...©....▓
▓▓▓▓▓▓▓▓▓▓▓▓▓▓▓▓▓▓▓
▓.§8§8..▓ ▓..§§)§§▓
▓§§§§§§.▓ ▓§§§§§§§▓
▓§§§§§§§▓ ▓§§E§§§§▓
▓§§E@3§.▓ ▓§▓§§§▓.▓
▓§§§§§§.▓ ▓▓▓▓▓▓▓▓▓


You could see 2 air elementals and a friendly soul eater.

Vanquished Creatures
  A dancing weapon (D)
  A deep elf archer (D)
  A deep elf mage (D)
  An air elemental (D)
  A basilisk (D)
  An insubstantial wisp (D)
  A phantom (D)
  A necrophage (D)
  An earth elemental (D)
  2 crimson imps (D)
  An iron imp (D)
  An adder (D)
  An adder skeleton (D)
  2 ball pythons (D)
  2 bat skeletons (D)
18 creatures vanquished.

Vanquished Creatures (collateral kills)
  A quasit (D)
  A jackal skeleton (D)
2 creatures vanquished.

Vanquished Creatures (others)
  2 insubstantial wisps (D)
2 creatures vanquished.

Grand Total: 22 creatures vanquished

Notes
Turn   | Place    | Note
-------+----------+-------------------------------------------
     0 | D        | MordorOrchid the Troll Earth Elementalist began the quest
                  | for the Orb.
     0 | D        | Reached XP level 1. HP: 16/16 MP: 1/1
     0 | D        | Found a shimmering blue altar of Sif Muna.
     0 | D        | Found a sacrificial altar of Ru.
     0 | D        | Found a bloodstained altar of Trog.
     0 | D        | Found a stormy altar of Qazlal.
     0 | D        | Found an iron altar of Okawaru.
     0 | D        | Found a sparkling altar of Nemelex Xobeh.
     0 | D        | Found a blossoming altar of Fedhas.
     1 | D        | Found the +6 Majin-Bo {vamp, Archmagi MP+6 Int+6}
     1 | D        | Found the +7 great mace "Firestarter" {inner flame, rF++}
     6 | D        | Found a corrupted altar of Lugonu.
     6 | D        | Found an ancient bone altar of Kikubaaqudgha.
     6 | D        | Found a burning altar of Makhleb.
     6 | D        | Found a transporter.
     6 | D        | Found a viscous altar of Jiyva.
     6 | D        | Found a hazy altar of Hepliaklqana.
    18 | D        | Found the +9 heavy crossbow "Sniper" {velocity, Acc+∞ SInv}
    18 | D        | Found the +10 dark maul {crush}
    18 | D        | Found the +15 Maxwell's patent armour {-Cast -Tele rElec
                  | MR+ rCorr}
    18 | D        | Found the +18 shield of the Gong {rElec rN+ MR+ EV-5}
    18 | D        | Found the cursed +14 obsidian axe {chop, +Fly SInv *Curse}
    20 | D        | Found the +6 shillelagh "Devastator" {shatter}
    20 | D        | Found the +11 plutonium sword {*Contam Stlth-}
    20 | D        | Found the +8 lance "Wyrmbane" {slay drac, rPois rF+ rC+
                  | AC+3}
    20 | D        | Found the +9 sword of Zonguldrok {reap}
    20 | D        | Found the cursed +13 scythe of Curses {drain, *Curse}
    20 | D        | Found the +0 sword of Power
    20 | D        | Found the +7 mace of Variability {chain chaos}
    20 | D        | Found the +7 Singing Sword {slice, sonic wave}
    20 | D        | Found the +8 storm bow {elec, penet}
    22 | D        | Found an opulent altar of Gozag.
    48 | D        | Became a worshipper of Cheibriados the Contemplative
    55 | D        | Reached XP level 2. HP: 32/32 MP: 2/2
    60 | D        | Entered arena 2.
    60 | D        | Found a transporter.
    63 | D        | Reached * piety under Cheibriados
    65 | D        | Got the Collected Works on Flames and Talismans
    68 | D        | Entered arena 3.
    68 | D        | Found a transporter.
    74 | D        | Reached ** piety under Cheibriados
    78 | D        | Entered arena 4.
    78 | D        | Noticed a deep elf mage
    78 | D        | Noticed a deep elf archer
    78 | D        | Noticed an earth elemental
    78 | D        | Noticed a +6 trident of protection
    78 | D        | Found a transporter.
    83 | D        | Killed a +6 trident of protection
    83 | D        | Reached skill level 6 in Axes
    83 | D        | Reached skill level 5 in Evocations
    83 | D        | Reached XP level 3. HP: 46/46 MP: 2/5
    83 | D        | Reached XP level 4. HP: 55/55 MP: 2/6
    83 | D        | Reached XP level 5. HP: 62/62 MP: 2/7
    83 | D        | Reached XP level 6. HP: 71/71 MP: 2/8
    83 | D        | Reached XP level 7. HP: 78/78 MP: 2/9
    85 | D        | Killed a deep elf mage
    85 | D        | Reached *** piety under Cheibriados
    85 | D        | Reached skill level 7 in Axes
    85 | D        | Reached XP level 8. HP: 83/88 MP: 2/11
    93 | D        | Killed a deep elf archer
    93 | D        | Reached skill level 8 in Axes
   135 | D        | Entered arena 5.
   135 | D        | Found a transporter.
   139 | D        | Reached **** piety under Cheibriados
   140 | D        | Reached skill level 1 in Armour
   140 | D        | Reached skill level 1 in Invocations
   145 | D        | Entered arena 6.
   145 | D        | Found a transporter.
   148 | D        | Reached ***** piety under Cheibriados
   153 | D        | Reached skill level 9 in Axes
   159 | D        | Entered arena 7.
   159 | D        | Noticed an air elemental
   159 | D        | Noticed an air elemental
   159 | D        | Noticed an air elemental
   160 | D        | Found the +7 captain's cutlass {speed, disarm}
   160 | D        | Found a transporter.
   164 | D        | Killed an air elemental
   164 | D        | Reached ****** piety under Cheibriados
   164 | D        | Reached skill level 5 in Shields
   164 | D        | Reached XP level 9. HP: 18/97 MP: 12/12
   164 | D        | Slain by an air elemental

Levels and vault maps discovered:
D:        sprint_v [room_start, room_1, room_2, room_3, room_4, room_5, room_6,
          room_7, room_8, room_9, room_10, room_11, room_12, room_13, room_14,
          room_15, room_16, room_17, room_18, room_19, room_20, room_21,
          room_22, room_23, room_24, room_25, room_26, room_27]

Skill      XL: |  1  2  3  4  5  6  7  8 |
---------------+-------------------------+-----
Fighting       | 4 7 8 |  8.4
Shields        | 4 5 |  5.0
Dodging        | 6 7 |  7.2
Axes           | 6 7 9 |  9.2
Evocations     | 5 6 |  6.3
Armour         | 2 |  2.5
Invocations    | 2 |  2.8
Stealth        | |  1.0
Spellcasting   | |  1.2
Transmutations | |  0.6
Earth Magic    | |  2.6

Action                   |  1- 3 |  4- 6 |  7- 9 || total
-------------------------+-------+-------+-------++-------
Melee: Broad axe         |     6 |       |    17 ||    23
  Use: Potion            |     4 |       |     4 ||     8
 Stab: Sleeping          |     3 |       |       ||     3
       Invisible         |       |       |     7 ||     7
Armor: Robe              |     1 |       |     2 ||     3
Dodge: Dodged            |       |       |     5 ||     5
Block: Shield            |     6 |       |    26 ||    32

Table legend:
 A = Non-vault XP
 B = Vault XP
 C = Vault XP percentage of total XP
 D = Non-vault monster count
 E = Vault monster count
 F = Vault count percentage of total count
                 A         B        C        D         E       F
            +---------+---------+-------+---------+---------+-------
      Total |       0 |    2924 | 100.0 |       0 |      20 | 100.0
            +---------+---------+-------+---------+---------+-------
          D |       0 |    2924 | 100.0 |       0 |      20 | 100.0
            +---------+---------+-------+---------+---------+-------
